 Dungeon Sprint DCSS version 0.31-a0-348-g810772c3d7 (webtiles) character file.

Game seed: 7713205221168619272

6577 Conn the Arsonist (level 11, -15/63 HPs)
             Began as an Octopode Fire Elementalist on July 23, 2023.
             Was a High Priest of Sif Muna.
             Demolished by an Ice Fiend (19 damage)
             ... summoned by a deep elf demonologist
             ... in the Dungeon (Sprint III: "The Ten Rune Challenge").
             The game lasted 00:18:55 (2303 turns).

Conn the Arsonist (Octopode Fire Elementalist)      Turns: 2303, Time: 00:18:59

Health: -15/63     AC:  1    Str:  7    XL:     11   Next: 1%
Magic:  13/38      EV: 16    Int: 22    God:    Sif Muna [*****.]
Gold:   3587       SH:  0    Dex: 19    Spells: 15/39 levels left

rFire   + . .        q - +8 frozen axe "Frostbite" {freeze, freezing cloud, *Noise Fly rC+}
rCold   + . .        (shield currently unavailable)
rNeg    . . .        (helmet restricted)
rPois   .            (no amulet)
rElec   .            o - +6 ring of dexterity
rCorr   .            f - ring of magical power
SInv    .            (no ring)
Will    .....        (no ring)
Stlth   +++++        (no ring)
HPRegen 0.30/turn    (no ring)
MPRegen 0.26/turn    (no ring)
                     (no ring)

%: no teleportation
@: flying
A: almost no armour, amphibious, 8 rings, camouflage 1, gelatinous body 1,
(nimble swimmer 1), tentacles, tentacle spike 1, fire resistance 1, wild magic
1, MP-powered wands
a: Renounce Religion, Channel Magic, Forget Spell, Divine Exegesis


You were in the Dungeon.
You worshipped Sif Muna.
Sif Muna was extremely pleased with you.
You visited 1 branch You collected 4211 gold pieces.
You spent 624 gold pieces at shops.

Inventory:

Hand Weapons
 d - a +2 long sword of holy wrath
 g - a +0 dagger
 q - the +8 frozen axe "Frostbite" (weapon) {freeze, freezing cloud, *Noise Fly rC+}
   (You took it off a deep elf annihilator in the Dungeon)

   rC:        It protects you from cold.
   Fly:       It grants you flight.
   *Noise:    It may make noises in combat.
Jewellery
 f - a ring of magical power (right tentacle)
 o - a +6 ring of dexterity (left tentacle)
Wands
 m - a wand of paralysis (10)
Scrolls
 h - a scroll of immolation
 i - 3 scrolls of identify
 l - a scroll of poison
Potions
 a - 2 potions of magic
 b - a potion of curing
 e - a potion of berserk rage
 j - 4 potions of enlightenment
 k - 4 potions of mutation
 p - a potion of haste
Miscellaneous
 n - a phantom mirror


   Skills:
 + Level 1.3 Fighting
 + Level 0.7 Long Blades
 + Level 5.1 Dodging
 - Level 6.4 Stealth
 + Level 14.7 Spellcasting
 + Level 9.6 Conjurations
 + Level 4.1 Hexes
 * Level 14.8 Fire Magic
 - Level 5.0 Air Magic
 - Level 3.0 Poison Magic
 + Level 6.1 Invocations


You had 15 spell levels left.
You knew the following spells:

 Your Spells              Type           Power      Damage    Failure   Level
a - Foxfire               Conj/Fire      100%       2x1d9     1%          1
b - Scorch                Fire           100%       2d9       1%          2
c - Inner Flame           Hex/Fire       66%        N/A       1%          3
d - Flame Wave            Conj/Fire      74%        2d16      1%          4
e - Swiftness             Air            50%        N/A       2%          3
f - Mephitic Cloud        Conj/Pois/Air  53%        N/A       2%          3
g - Ignition              Fire           41%        3d12      58%         8

Your spell library contained the following spells:

 Spells                   Type           Power      Damage    Failure   Level
 Volatile Blastmotes      Fire/Tloc      100%       2d18      1%          3
 Sticky Flame             Conj/Fire      74%        2d9       1%          4
 Ensorcelled Hibernation  Hex/Ice        64%        N/A       4%          2
 Passwall                 Tmut/Erth      17%        N/A       9%          2


Dungeon Overview and Level Annotations

Branches:
Dungeon (1/1)

Altars:
Cheibriados
Dithmenos
Elyvilon
Fedhas
Gozag
Hepliaklqana
Kikubaaqudgha
Makhleb
Nemelex Xobeh
Okawaru
Qazlal
Ru
Sif Muna
Trog
Uskayaw
Vehumet
Wu Jian
Xom
Yredelemnul
Zin
The Shining One
Jiyva
Lugonu

Shops:
D *


Innate Abilities, Weirdness & Mutations

You cannot wear most types of armour.
You are amphibious.
You can wear up to eight rings at the same time.
Your skin changes colour to match your surroundings (Stealth+).
Your rubbery body absorbs attacks. (AC +1, EV +1)
((You are camouflaged when in or above water. (Stealth+)))
You have tentacles for arms and can constrict up to eight enemies at once.
One of your tentacles bears a spike.
Your flesh is heat resistant. (rF+)
Your spells are a little harder to cast, but a little more powerful.
You expend magic power (3 MP) to strengthen your wands.


Message History

Okay, then.
Unknown command.
Unknown command.
You feel much better.
The Ice Fiend calls on the powers of darkness!
Your body is wracked with pain!
Casting: Flame Wave (dangerous; 1% risk of failure)
Confirm with . or Enter, or press ? or * to list all spells.
Okay, then.
Unknown command.
Casting: Ignition
Press: ? - help, Dir - look around, f - activate You fail to use your ability.
The Ice Fiend gestures at you. The bolt of cold hits you!! You resist.
* * * LOW HITPOINT WARNING * * *
Okay, then.
Unknown command.
Okay, then.
Unknown command.
Unknown command.
Casting: Ignition (astonishingly dangerous; 58% risk of failure)
Confirm with . or Enter, or press ? or * to list all spells.
Okay, then.
Unknown command.
Okay, then.
Unknown command.
Unknown command.
Okay, then.
Casting: Ignition (astonishingly dangerous; 58% risk of failure)
Confirm with . or Enter, or press ? or * to list all spells.
Okay, then.
Unknown command.
Casting: Ignition
Press: ? - help, Dir - look around, f - activate The air bursts into flame!
The fireball engulfs the Ice Fiend!
The Ice Fiend is burned terribly!
The Ice Fiend is heavily wounded.
The Ice Fiend claws you!!
You die...

▓▓▓▓▓▓
###.##.########### ###
##.#.#..#.)))#...# ...'
#..........#.#...##≈≈≈≈#
#)))....)∩.#)#...§≈1.e..
#.)))....#.#.#..1##§≈≈≈#
#)#)).##.###.'..@#


e.e #[.####.## ####### # #'####### #..§§§+E# #.#§§§#.# '.#§§.#.# #.#.§§#..
▓▓▓▓▓▓▓▓▓▓ You could see an Ice Fiend (summoned).

Vanquished Creatures
  A deep elf annihilator (D)
  A deep elf high priest (D)
  Erica (D)
  An orc high priest (D)
  2 deep elf zephyrmancers (D)
  An orc sorcerer (D)
  4 deep elf pyromancers (D)
  A shadow (D)
  A spatial vortex (D)
  3 orc warriors (D)
  A scorpion (D)
  A necrophage (D)
  A water elemental (D)
  A jelly (D)
  3 orc priests (D)
  Jessica (D)
  A wizard (D)
  A necromancer (D)
  An orc wizard (D)
  3 humans (D)
  A kobold demonologist (D)
  9 orcs (D)
  2 endoplasms (D)
  A rat (D)
43 creatures vanquished.

Vanquished Creatures (others)
  164 foxfires (D)
164 creatures vanquished.

Grand Total: 207 creatures vanquished

Notes
Turn   | Place    | Note
-------+----------+-------------------------------------------
     0 | D        | Conn the Octopode Fire Elementalist began the quest for the
                  | Orb.
     0 | D        | Reached XP level 1. HP: 11/11 MP: 3/3
    71 | D        | Noticed Jessica
    90 | D        | Killed Jessica
    91 | D        | Reached skill level 5 in Fire Magic
    91 | D        | Reached XP level 2. HP: 17/17 MP: 0/6
    91 | D        | Reached XP level 3. HP: 21/21 MP: 0/7
   165 | D        | Learned a level 2 spell: Scorch
   169 | D        | Learned a level 3 spell: Inner Flame
   169 | D        | Noticed a scorpion
   176 | D        | Killed a scorpion
   177 | D        | Reached XP level 4. HP: 27/27 MP: 2/10
   243 | D        | Learned a level 4 spell: Flame Wave
   326 | D        | Noticed a water elemental
   328 | D        | Killed a water elemental
   329 | D        | Reached skill level 5 in Spellcasting
   329 | D        | Reached XP level 5. HP: 31/31 MP: 6/12
   346 | D        | Gained mutation: You expend magic power (3 MP) to
                  | strengthen your wands. [potion of mutation]
   346 | D        | Gained mutation: You are agile. (Dex +4, Str/Int -1)
                  | [potion of mutation]
   347 | D        | Lost mutation: You are agile. (Dex +4, Str/Int -1) [potion
                  | of mutation]
   347 | D        | Lost mutation: You expend magic power (3 MP) to strengthen
                  | your wands. [potion of mutation]
   347 | D        | Gained mutation: Your spells are a little harder to cast,
                  | but a little more powerful. [potion of mutation]
   347 | D        | Gained mutation: You expend magic power (3 MP) to
                  | strengthen your wands. [potion of mutation]
   347 | D        | Gained mutation: Your flesh is heat resistant. (rF+)
                  | [potion of mutation]
   347 | D        | Gained mutation: One of your tentacles bears a spike.
                  | [potion of mutation]
   376 | D        | Noticed a human
   376 | D        | Noticed a human
   383 | D        | Killed a human
   383 | D        | Killed a human
   384 | D        | Reached skill level 10 in Fire Magic
   384 | D        | Reached XP level 6. HP: 36/36 MP: 2/16
   384 | D        | Reached XP level 7. HP: 41/41 MP: 2/17
   505 | D        | Found an ornate altar of the Wu Jian Council.
   506 | D        | Found a hide-covered altar of Uskayaw.
   506 | D        | Found a bloodstained altar of Trog.
   508 | D        | Found a radiant altar of Vehumet.
   508 | D        | Found a shimmering blue altar of Sif Muna.
   508 | D        | Found an ancient bone altar of Kikubaaqudgha.
   514 | D        | Became a worshipper of Sif Muna the Loreminder
   523 | D        | Learned a level 3 spell: Swiftness
   527 | D        | Found an iron altar of Okawaru.
   535 | D        | Found a glowing silver altar of Zin.
   535 | D        | Found a glowing golden altar of the Shining One.
   535 | D        | Found a white marble altar of Elyvilon.
   540 | D        | Noticed a deep elf pyromancer
   543 | D        | Killed a deep elf pyromancer
   544 | D        | Reached skill level 5 in Dodging
   544 | D        | Reached skill level 5 in Conjurations
   544 | D        | Reached XP level 8. HP: 46/46 MP: 7/21
   638 | D        | Found a basalt altar of Yredelemnul.
   638 | D        | Found a shadowy altar of Dithmenos.
   638 | D        | Found a sacrificial altar of Ru.
   640 | D        | Reached * piety under Sif Muna
   681 | D        | Noticed a shadow
   684 | D        | Killed a shadow
   753 | D        | Found a blossoming altar of Fedhas.
   753 | D        | Found a stormy altar of Qazlal.
   754 | D        | Found a snail-covered altar of Cheibriados.
   754 | D        | Found a burning altar of Makhleb.
   755 | D        | Found a shimmering altar of Xom.
   756 | D        | Found a hazy altar of Hepliaklqana.
   756 | D        | Found an opulent altar of Gozag.
   756 | D        | Found a sparkling altar of Nemelex Xobeh.
   756 | D        | Found a corrupted altar of Lugonu.
   756 | D        | Found a viscous altar of Jiyva.
   788 | D        | Noticed Erica
   793 | D        | Killed Erica
   793 | D        | Reached ** piety under Sif Muna
   794 | D        | Reached skill level 1 in Hexes
   794 | D        | Reached XP level 9. HP: 51/51 MP: 10/24
  1171 | D        | Reached skill level 5 in Air Magic
  1360 | D        | Noticed an orc sorcerer
  1366 | D        | Reached *** piety under Sif Muna
  1367 | D        | Reached skill level 1 in Invocations
  1368 | D        | Noticed an orc high priest
  1369 | D        | Killed an orc high priest
  1369 | D        | Reached **** piety under Sif Muna
  1386 | D        | Killed an orc sorcerer
  1397 | D        | Reached ***** piety under Sif Muna
  1556 | D        | Found Qont's General Store.
  1591 | D        | Bought a scroll of identify for 26 gold pieces
  1591 | D        | Bought a +6 ring of dexterity for 468 gold pieces
  1591 | D        | Bought a potion of haste for 130 gold pieces
  1596 | D        | Noticed a deep elf pyromancer
  1596 | D        | Noticed a deep elf zephyrmancer
  1596 | D        | Noticed a deep elf pyromancer
  1596 | D        | Noticed a deep elf zephyrmancer
  1596 | D        | Noticed a deep elf pyromancer
  1742 | D        | Killed a deep elf pyromancer
  1743 | D        | Reached XP level 10. HP: 49/56 MP: 19/27
  1744 | D        | Killed a deep elf pyromancer
  1744 | D        | Killed a deep elf zephyrmancer
  1744 | D        | Received a gift from Sif Muna
  1745 | D        | Reached skill level 5 in Invocations
  1747 | D        | Killed a deep elf pyromancer
  1748 | D        | Reached skill level 1 in Fighting
  1748 | D        | Got Sif Muna's Book of Viridian Oxidation {god gift}
  1753 | D        | Learned a level 3 spell: Mephitic Cloud
  1833 | D        | Killed a deep elf zephyrmancer
  1834 | D        | Reached skill level 1 in Poison Magic
  1874 | D        | Noticed a deep elf annihilator
  1912 | D        | Learned a level 8 spell: Ignition
  2082 | D        | Killed a deep elf annihilator
  2220 | D        | Noticed a deep elf zephyrmancer
  2222 | D        | Noticed a deep elf death mage
  2222 | D        | Noticed a deep elf annihilator
  2222 | D        | Noticed a deep elf high priest
  2293 | D        | Noticed a deep elf demonologist
  2295 | D        | Noticed an Ice Fiend
  2295 | D        | Killed a deep elf high priest
  2296 | D        | Reached XP level 11. HP: 63/63 MP: 28/29
  2302 | D        | HP: 3/63 [Ice Fiend/bolt of cold[a deep elf demonologist]
                  | (23)]
  2303 | D        | Demolished by an Ice Fiend

Illustrated notes

Levels and vault maps discovered:
D:        dungeon_sprint_mu [sprint_mu_entry_cave, sprint_mu_temple_rooms,
          sprint_mu_d1_horrors, sprint_mu_d2_genie, sprint_mu_d3_branching,
          sprint_mu_orc_legion, sprint_mu_elf_gauntlet, sprint_mu_hive_nellie,
          sprint_mu_lair_fedhas, sprint_mu_vaults_butterflies,
          sprint_mu_slime_circle, sprint_mu_shoals_archi,
          sprint_mu_snake_twists, sprint_mu_blade_basic,
          sprint_mu_crypt_fortress, sprint_mu_tomb_spiral,
          sprint_mu_vestibule_basic, sprint_mu_gehenna_hellfire,
          sprint_mu_dis_giant, sprint_mu_tartarus_statrot,
          sprint_mu_cocytus_islands, sprint_mu_zot1]

Skill      XL: |  1  2  3  4  5  6  7  8  9 10 |
---------------+-------------------------------+-----
Stealth        | 3 4 6 |  6.4
Spellcasting   | 3 4 5 7 9 11 13 14 | 14.7
Fire Magic     | 5 6 8 10 11 12 13 14 | 14.8
Dodging        | 3 4 5 |  5.1
Conjurations   | 2 3 5 6 8 9 |  9.6
Air Magic      | 3 4 5 |  5.0
Hexes          | 1 2 4 |  4.1
Invocations    | 4 6 |  6.1
Fighting       | 1 |  1.3
Poison Magic   | 3 |  3.0
Long Blades    | |  0.7

Action                     |  1- 3 |  4- 6 |  7- 9 | 10-12 || total
---------------------------+-------+-------+-------+-------++-------
  Melee: Unarmed           |     3 |       |       |       ||     3
         Tentacles         |     1 |       |     2 |       ||     3
         Dagger            |       |       |     2 |       ||     2
         Long sword        |       |       |     4 |       ||     4
         Kick              |       |       |     2 |       ||     2
         Constrict         |       |       |     1 |       ||     1
   Cast: Foxfire           |    10 |     1 |    75 |    13 ||    99
         Scorch            |     1 |     7 |    16 |     4 ||    28
         Inner Flame       |       |     2 |    11 |     9 ||    22
         Flame Wave        |       |       |     4 |     3 ||     7
         Mephitic Cloud    |       |       |       |     3 ||     3
         Ignition          |       |       |       |     1 ||     1
 Invoke: Divine Exegesis   |       |       |       |     1 ||     1
    Use: Potion            |       |     3 |     2 |     1 ||     6
         Scroll            |       |       |     2 |     1 ||     3
   Stab: Sleeping          |       |       |     2 |       ||     2
 Armour: Skin              |     1 |       |       |       ||     1
  Dodge: Dodged            |     3 |       |     4 |       ||     7

Table legend: (Time is in decaauts)
 A = Elapsed time spent in this place.
 B = Non-inter-level travel time spent in this place.
 C = Inter-level travel time spent in this place.
 D = Time resting spent in this place.
 E = Time spent auto-exploring this place.
 F = Levels seen in this place.
 G = Mean time per level.
                   A        B        C        D        E       F      G
               +--------+--------+--------+--------+--------+-----+--------+
         Total |   2282 |   2282 |      0 |   1332 |    115 |   1 | 2282.0 |
       Dungeon |   2282 |   2282 |      0 |   1332 |    115 |   1 | 2282.0 |
               +--------+--------+--------+--------+--------+-----+--------+

Top non-repeatable levels by time:
       D: 2282 daAuts
